 Dungeon Crawl Stone Soup version 0.27-a0-590-g94244163b4 (webtiles) character file.

Game seed: 11577515216507045719

17612 Anon1729 the Covert (level 11, 0/74 HPs)
             Began as a Demigod Air Elementalist on Mar 10, 2021.
             Succumbed to Nessos's poison
             ... on level 12 of the Dungeon.
             The game lasted 00:29:17 (22123 turns).

Anon1729 the Covert (Demigod Air Elementalist)     Turns: 22123, Time: 00:29:18

Health: 0/74       AC:  6    Str:  9    XL:     11   Next: 93%
Magic:  3/27       EV: 16    Int: 32    God:
Gold:   650        SH:  0    Dex: 14    Spells: 10/25 levels left

rFire    . . .     SeeInvis .   u - +10 dagger "Hydrabane" {freeze, rN+ Int+3 Stlth+}
rCold    . . .     Faith    .   (no shield)
rNeg     + . .     Spirit   .   D - +0 steam dragon scales
rPois    .         Reflect  .   (no helmet)
rElec    .         Harm     .   (no cloak)
rCorr    +         Rampage  .   (no gloves)
Will     +....                  q - +0 pair of boots
Stlth    +++++.....             (no amulet)
HPRegen  0.22/turn              p - ring of wizardry
MPRegen  0.20/turn              x - ring of resist corrosion

@: lethally poisoned (0 -> -62)
A: high mp 1, forlorn
a: no special abilities


You were on level 12 of the Dungeon.
You visited 1 branch of the dungeon, and saw 12 of its levels.
You also visited: Ossuary and Bailey.

You collected 748 gold pieces.
You spent 98 gold pieces at shops.

Inventory:

Hand Weapons
 f - a +2 short sword of freezing
 h - a +1 vorpal hunting sling
 u - the +10 dagger "Hydrabane" (weapon) {freeze, rN+ Int+3 Stlth+}
   (You found it on level 5 of the Dungeon)

   It has been specially enchanted to freeze those struck by it, causing extra
   injury to most foes and up to half again as much damage against particularly
   susceptible opponents.
   It can also slow down cold-blooded creatures.
   It affects your intelligence (+3).
   It protects you from negative energy.
   It makes you more stealthy.
 z - a +3 quarterstaff
 Q - a +0 quarterstaff of freezing
Missiles
 t - 31 sling bullets
Armour
 a - a +0 robe
 q - a +0 pair of boots (worn)
 D - +0 steam dragon scales (worn)
 P - a +2 robe of cold resistance
Magical Staves
 y - a staff of fire
 L - a staff of cold
Jewellery
 p - a ring of wizardry (right hand)
 x - a ring of resist corrosion (left hand)
 J - a ring of wizardry
 O - a ring of ice
Wands
 B - a wand of polymorph (16)
 E - a wand of random effects (35)
 R - a wand of iceblast (9)
Scrolls
 b - 6 scrolls of enchant weapon
 c - 4 scrolls of fog
 d - a scroll of random uselessness {unknown}
 g - 3 scrolls of enchant armour
 j - 2 scrolls of magic mapping {unknown}
 k - 3 scrolls of fear {unknown}
 l - 2 scrolls of blinking {unknown}
 n - a scroll of immolation {unknown}
 o - 4 scrolls of amnesia {unknown}
 s - 6 scrolls of teleportation {unknown}
 H - 3 scrolls of identify
 I - a scroll of noise {unknown}
 N - a scroll of vulnerability {unknown}
Potions
 e - 3 potions of attraction
 i - a potion of heal wounds
 m - a potion of berserk rage
 r - a potion of lignification
 v - a potion of invisibility
 w - a potion of mutation
 C - 3 potions of brilliance
 F - 2 potions of ambrosia
 G - 5 potions of curing
 K - a potion of haste
 M - a potion of magic {unknown}
Miscellaneous
 A - a box of beasts (inert)


   Skills:
 + Level 8.6 Dodging
 + Level 9.3 Stealth
 + Level 7.8 Spellcasting
 + Level 8.3 Conjurations
 + Level 8.8 Air Magic


You had 10 spell levels left.
You knew the following spells:

 Your Spells              Type           Power      Damage    Failure   Level
a - Shock                 Conj/Air       100%       1d9       1%          1
b - Swiftness             Air            62%        N/A       1%          2
c - Static Discharge      Conj/Air       61%        N/A       1%          3
d - Airstrike             Air            31%        N/A       1%          4
e - Lightning Bolt        Conj/Air       30%        1d47      1%          5

Your spell library contained the following spells:

 Spells                   Type           Power      Damage    Failure   Level
 Corona                   Hex            13%        N/A       1%          1
 Summon Small Mammal      Summ           48%        N/A       1%          1
 Dazzling Flash           Conj/Hex       78%        N/A       1%          3
 Call Imp                 Summ           12%        N/A       2%          2
 Ensorcelled Hibernation  Hex/Ice        24%        N/A       2%          2
 Summon Lightning Spire   Summ/Air       41%        N/A       2%          4
 Call Canine Familiar     Summ           12%        N/A       4%          3
 Confusing Touch          Hex            12%        N/A       4%          3
 Gell's Gravitas          Tloc           6%         N/A       4%          3
 Summon Guardian Golem    Hex/Summ       12%        N/A       4%          3
 Tukima's Dance           Hex            12%        N/A       4%          3
 Petrify                  Tmut/Erth      12%        N/A       16%         4
 Summon Ice Beast         Ice/Summ       12%        N/A       16%         4
 Metabolic Englaciation   Hex/Ice        6%         N/A       38%         5
 Yara's Violent Unravell  Hex/Tmut       6%         3d5       38%         5


Dungeon Overview and Level Annotations

Branches:
Dungeon (12/15)            Temple (0/1) D:7            Lair (0/6) D:11
    Orc (0/2) D:9         Ossuary (visited)          Bailey (visited)

Shops:
D:4 !   D:9 (

Annotations:
D:9 3 runed translucent doors
D:12 Snorg


Innate Abilities, Weirdness & Mutations

Your attributes grow dramatically as you level up.
You have an increased reservoir of magic. (+10% MP)
You shall have no god before yourself.


Message History

The bolt of lightning hits Nessos.
Nessos is heavily wounded.
Nessos wields a +1 longbow of flaming.
It bursts into flame!
Nessos shoots an arrow.
The arrow hits you!! The arrow burns you!
You are lethally poisoned!
Nessos blinks!
Casting: Lightning Bolt (dangerous; 1% risk of failure)
Confirm with . or Enter, or press ? or * to list all spells.
Aiming: Lightning Bolt (dangerous; 1% risk of failure)
Press: ? - help, Shift-Dir - straight line, f - Nessos
Aim: Nessos, wielding a +1 longbow of flaming, wearing a +0 barding, quivering arrows and carrying a wand of polymorph (9) (heavily wounded, fast, 22% to evade)
You hear a mighty clap of thunder!
The bolt of lightning hits Nessos but does no damage.
Nessos is heavily wounded.
The bolt of lightning misses the kobold demonologist.
You feel very sick.
Nessos shoots an arrow.
The arrow hits you!
* * * LOW HITPOINT WARNING * * *
The arrow burns you!
You are more poisoned.
* * * LOW HITPOINT WARNING * * *
A kobold brigand comes into view.
It is wielding a +0 dagger of venom and quivering poisoned darts.
Nessos shoots an arrow.
The arrow barely misses you.
Casting: Lightning Bolt (dangerous; 1% risk of failure)
Confirm with . or Enter, or press ? or * to list all spells.
Aiming: Lightning Bolt (dangerous; 1% risk of failure)
Press: ? - help, Shift-Dir - straight line, f/p - Nessos
Aim: Nessos, wielding a +1 longbow of flaming, wearing a +0 barding, quivering arrows and carrying a wand of polymorph (9) (heavily wounded, fast, 22% to evade)
Okay, then.
Casting: Lightning Bolt (dangerous; 1% risk of failure)
Confirm with . or Enter, or press ? or * to list all spells.
Aiming: Lightning Bolt (dangerous; 1% risk of failure)
Press: ? - help, Shift-Dir - straight line, f/p - Nessos
Aim: Nessos, wielding a +1 longbow of flaming, wearing a +0 barding, quivering arrows and carrying a wand of polymorph (9) (heavily wounded, fast, 22% to evade)
You hear a mighty clap of thunder!
The bolt of lightning hits Nessos!!!
You kill Nessos!
The bolt of lightning hits the kobold demonologist!!!
You kill the kobold demonologist!
You die...

.# .# .#
#
#.##K###
#().).@#
####K#.#
# #..
####


You could see a kobold demonologist and a kobold brigand.

Vanquished Creatures
  Nessos (D:12)
  Fannar (D:11)
  A boulder beetle (D:10)
  A centaur warrior (D:9)
  2 two-headed ogres
  An unseen horror (D:11)
  A deep elf pyromancer (D:9)
  An ugly thing (D:9)
  A gargoyle (D:9)
  A kobold demonologist (D:12)
  Maggie (D:7)
  A komodo dragon (D:11)
  3 slime creatures
  4 wyverns
  2 wraiths
  15 yaks
  A basilisk (D:11)
  Duvessa (D:4)
  5 orc warriors
  A swamp drake (D:11)
  3 sky beasts
  A black bear (D:6)
  An eye of draining (D:9)
  4 ice beasts
  8 ogres
  2 necrophages
  7 centaurs
  6 phantoms
  Blork the orc (D:5)
  10 bullfrogs
  An elf zombie (D:8)
  A gnoll sergeant (D:7)
  A water moccasin skeleton (D:5)
  12 scorpions
  Dowan (D:4)
  17 wights
  2 vampire bats (D:8)
  6 howler monkeys
  12 hounds
  4 bullfrog zombies
  3 centaur zombies (Ossuary)
  3 human zombies
  11 orc priests
  4 jellies
  A gnoll shaman (D:8)
  3 bullfrog skeletons
  3 centaur skeletons
  3 human skeletons (D:8)
  8 orc wizards
  9 worker ants
  5 iguanas
  A killer bee zombie (D:9)
  A hound zombie (D:5)
  2 hound skeletons
  3 mummies (Ossuary)
  A howler monkey zombie (D:8)
  8 gnolls
  2 howler monkey skeletons
  3 scorpion zombies (Ossuary)
  14 adders
  3 shadow imps
  2 white imps
  An ufetubus (D:9)
  5 oozes
  An adder zombie (D:10)
  5 adder skeletons
  A worm (D:3)
  2 dart slugs (D:1)
  5 leopard geckos
  28 orcs
  2 ball pythons
  4 bat skeletons (D:8)
  A bat zombie (D:8)
  7 giant cockroaches
  2 gnoll zombies (Ossuary)
  11 goblins
  9 hobgoblins
  15 jackals
  8 quokkas
  8 bats
  4 frilled lizards
  4 goblin zombies (Ossuary)
  A hobgoblin zombie (Ossuary)
  A jackal skeleton (D:8)
  9 kobolds
  3 kobold zombies (Ossuary)
  An orc skeleton (D:8)
  2 orc zombies (Ossuary)
  9 rats
387 creatures vanquished.

Vanquished Creatures (others)
  An orc wizard (D:5)
  An orc (D:11)
2 creatures vanquished.

Grand Total: 389 creatures vanquished

Notes
Turn   | Place    | Note
-------+----------+-------------------------------------------
     0 | D:1      | Anon1729 the Demigod Air Elementalist began the quest for
                  | the Orb.
     0 | D:1      | Reached XP level 1. HP: 14/14 MP: 5/5
   259 | D:1      | Reached skill level 1 in Conjurations
   419 | D:1      | Reached skill level 2 in Stealth
   464 | D:1      | Reached XP level 2. HP: 9/20 MP: 1/7
  1446 | D:2      | Reached XP level 3. HP: 9/26 MP: 3/8
  1694 | D:2      | Learned a level 2 spell: Swiftness
  1704 | D:2      | Learned a level 3 spell: Static Discharge
  2340 | D:2      | Reached XP level 4. HP: 33/33 MP: 8/10
  3832 | D:3      | Reached XP level 5. HP: 38/38 MP: 2/11
  4142 | D:4      | Reached skill level 3 in Stealth
  4364 | D:4      | Found Ymnuohu's Distillery.
  4370 | D:4      | Bought a potion of degeneration for 14 gold pieces
  4370 | D:4      | Bought a potion of curing for 42 gold pieces
  4370 | D:4      | Bought a potion of lignification for 42 gold pieces
  4608 | D:4      | Noticed Dowan
  4627 | D:4      | Killed Dowan
  4745 | D:4      | Noticed Duvessa
  4748 | D:5      | Entered Level 5 of the Dungeon
  4750 | D:5      | Noticed a centaur
  4755 | D:5      | Reached XP level 6. HP: 30/45 MP: 8/13
  5363 | D:4      | Reached XP level 7. HP: 49/50 MP: 9/15
  5539 | D:4      | Reached skill level 4 in Stealth
  5644 | D:4      | Killed Duvessa
  6080 | D:4      | Learned a level 4 spell: Airstrike
  6399 | D:4      | Noticed a shadow
  6834 | D:5      | Reached XP level 8. HP: 57/57 MP: 12/17
  6956 | D:5      | Noticed Blork the orc
  6962 | D:5      | Killed Blork the orc
  7240 | D:5      | Reached skill level 5 in Air Magic
  7400 | D:5      | Reached skill level 5 in Stealth
  7640 | D:5      | Identified the +10 dagger "Hydrabane" {freeze, rN+ Int+3
                  | Stlth+}
  8128 | D:6      | Reached skill level 5 in Dodging
  8691 | D:6      | Reached skill level 5 in Conjurations
  8691 | D:6      | Reached XP level 9. HP: 52/62 MP: 19/19
  9144 | D:6      | Reached skill level 5 in Spellcasting
  9626 | D:7      | Reached skill level 6 in Stealth
 10401 | D:7      | Found a staircase to the Ecumenical Temple.
 10402 | D:7      | Noticed Maggie
 10415 | D:6      | Learned a level 5 spell: Lightning Bolt
 10721 | D:7      | Killed Maggie
 11656 | D:8      | Found a sand-covered staircase.
 11664 | Ossuary  | Entered an ossuary
 12222 | Ossuary  | Reached XP level 10. HP: 61/69 MP: 7/22
 12867 | D:8      | Reached skill level 7 in Stealth
 15013 | D:9      | Noticed a deep elf pyromancer
 15016 | D:9      | Killed a deep elf pyromancer
 15632 | D:9      | Found Weokoakk's Antique Weapon Boutique.
 15634 | D:9      | Noticed a cyan ugly thing
 15644 | D:9      | Killed a cyan ugly thing
 15645 | D:9      | Reached skill level 8 in Stealth
 15928 | D:9      | Noticed a two-headed ogre
 15951 | D:9      | Killed a two-headed ogre
 15952 | D:9      | Reached XP level 11. HP: 62/74 MP: 3/25
 15962 | D:9      | Noticed a centaur warrior
 15976 | D:9      | Killed a centaur warrior
 16462 | D:9      | Found a runed translucent door.
 16467 | D:9      | Noticed a two-headed ogre
 16478 | D:9      | Found a runed translucent door.
 16478 | D:9      | Found a runed translucent door.
 16478 | D:9      | Noticed a centaur warrior
 16596 | D:9      | Found a staircase to the Orcish Mines.
 16772 | D:10     | Entered Level 10 of the Dungeon
 16942 | D:10     | Found a flagged portal.
 16992 | Bailey   | Entered a bailey
 18133 | D:11     | Noticed Fannar
 18578 | D:11     | Killed Fannar
 19003 | D:11     | Noticed a two-headed ogre
 19007 | D:11     | Killed a two-headed ogre
 19014 | D:11     | Noticed a boulder beetle
 19347 | D:10     | HP: 3/74 [boulder beetle (20)]
 19351 | D:10     | HP: 1/74 [boulder beetle (21)]
 19659 | D:10     | Killed a boulder beetle
 19801 | D:11     | Killed an unseen horror
 19802 | D:11     | Reached skill level 9 in Stealth
 20659 | D:11     | Found a staircase to the Lair.
 21981 | D:12     | Noticed Snorg
 22120 | D:12     | Noticed Nessos
 22123 | D:12     | Killed Nessos
 22123 | D:12     | Succumbed to Nessos's poison

Illustrated notes

Levels and vault maps discovered:
D:1:      saegor_arrival_simple_c, layout_basic, minmay_statues_item,
          minmay_split_cup_large
D:2:      layout_loops_ring
D:3:      layout_loops_ring, marbit_many_paths,
          chequers_temple_overflow_statue_of_worship
D:4:      layout_loops_corners, riverfiend_overflow_shadow_ancestor,
          grunt_qazlal_clouds, serial_shops, shop_statue, uniq_duvessa
D:5:      layout_loops_ring, tgw_sif, minmay_between
D:6:      layout_layer_cave, old_standard_altar, eino_tiny_chamber
D:7:      layout_loops_corners, minmay_temple_entry_trees, uniq_maggie
D:8:      wad_river_or_something, layout_basic, overflow_temple_1_default,
          kennysheep_vampire_church, nicolae_ossuary_entry_catacombs,
          zaba_anthole
D:9:      minmay_the_grid_triangle_9x9_recursive_2_mashed
          [minmay_the_grid_triangle_9x9_prize_top_heavy,
          minmay_the_grid_triangle_9x9_empty,
          minmay_the_grid_triangle_9x9_fully_insulated_deathbox,
          minmay_the_grid_triangle_9x9_corrupted_corridor],
          layout_irregular_city, fedhas_altar_2, serial_shops, shop,
          due_unseen_surprise
D:10:     layout_rooms, enter_bailey_3, nrook_mini_backslash, jiyva_altar_1
D:11:     layout_rooms, erik_lair_dragon, uniq_fannar
D:12:     layout_loops_corners, basic_altar, kennysheep_small_square,
          uniq_nessos, uniq_snorg

Skill      XL: |  1  2  3  4  5  6  7  8  9 10 11 |
---------------+----------------------------------+-----
Conjurations   | 1 2 3 5 6 7 8 |  8.3
Stealth        | 2 3 4 5 6 8 9 |  9.3
Dodging        | 2 3 4 5 6 7 8 |  8.6
Spellcasting   | 2 3 4 5 6 7 |  7.8
Air Magic      | 3 4 5 6 7 8 |  8.8

Action                   |  1- 3 |  4- 6 |  7- 9 | 10-12 || total
-------------------------+-------+-------+-------+-------++-------
Melee: Unarmed           |     4 |    21 |       |       ||    25
       Short sword       |       |       |    29 |       ||    29
       Dagger            |       |       |   277 |   213 ||   490
 Cast: Shock             |    86 |   152 |   155 |   161 ||   554
       Airstrike         |       |       |    17 |   138 ||   155
       Lightning Bolt    |       |       |    10 |    40 ||    50
       Static Discharge  |       |       |       |     7 ||     7
Evoke: Wand              |       |       |       |    10 ||    10
       Box of beasts     |       |       |       |     1 ||     1
  Use: Potion            |       |     4 |     1 |     4 ||     9
       Scroll            |       |       |       |    10 ||    10
 Stab: Sleeping          |       |       |    24 |     9 ||    33
Armor: Robe              |     1 |    10 |    27 |       ||    38
       Skin              |       |    64 |       |     6 ||    70
       Steam dragon scal |       |       |    43 |    59 ||   102
Dodge: Dodged            |    14 |    61 |   232 |   204 ||   511

Table legend: (Time is in decaauts)
 A = Elapsed time spent in this place.
 B = Non-inter-level travel time spent in this place.
 C = Inter-level travel time spent in this place.
 D = Time resting spent in this place.
 E = Time spent auto-exploring this place.
 F = Levels seen in this place.
 G = Mean time per level.
                   A        B        C        D        E       F      G
               +--------+--------+--------+--------+--------+-----+--------+
         Total |  22143 |  21749 |    394 |   4996 |  13905 |  14 | 1581.6 |
       Dungeon |  20951 |  20557 |    394 |   4996 |  12992 |  12 | 1745.9 |
       Ossuary |   1172 |   1172 |      0 |      0 |    913 |   1 | 1172.0 |
        Bailey |     18 |     18 |      0 |      0 |      0 |   1 |   18.0 |
               +--------+--------+--------+--------+--------+-----+--------+

Top non-repeatable levels by time:
    D:11: 2662 daAuts
     D:4: 2272 daAuts
     D:9: 2249 daAuts
     D:6: 1907 daAuts
     D:8: 1861 daAuts
    D:10: 1723 daAuts
     D:7: 1670 daAuts
     D:5: 1515 daAuts
     D:1: 1424 daAuts
     D:2: 1385 daAuts
     D:3: 1321 daAuts
 Ossuary: 1172 daAuts
    D:12: 957 daAuts
  Bailey: 18 daAuts
